 Dungeon Crawl Stone Soup version 0.32-a0-576-g706899e69d (webtiles) character file.

Game seed: 8037305224800710176

4 gimp the Digger (level 1, 0/13 HPs)
             Began as a Coglin Earth Elementalist on Mar 1, 2024.
             Slain by a hobgoblin (3 damage)
             ... on level 1 of the Dungeon.
             The game lasted 00:00:31 (68 turns).

gimp the Digger (Coglin Earth Elementalist)           Turns: 68, Time: 00:00:31

Health: 0/13       AC:  2    Str:  8    XL:     1   Next: 60%
Magic:  0/3        EV: 12    Int: 14    God:
Gold:   0          SH:  0    Dex: 14    Spells: 2/3 levels left

rFire   . . .        (no weapon)
rCold   . . .        (no shield)
rNeg    . . .        a - +0 robe
rPois   .            (no helmet)
rElec   .            (no cloak)
rCorr   .            (no gloves)
SInv    .            (no boots)
Will    .....        (amulet unavailable)
Stlth   ++           (ring unavailable)
HPRegen 0.22/turn    (ring unavailable)
MPRegen 0.08/turn    (no gizmo)

%: no passive effects
@: revving
A: off-hand wielding, slow wielding, warmup strikes, no jewellery
a: Invent Gizmo


You were on level 1 of the Dungeon.
You visited 1 branch of the dungeon, and saw 1 of its levels.

Inventory:

Armour
 a - a +0 robe (worn)
Potions
 b - a potion of magic


   Skills:
 - Level 1.7 Dodging
 - Level 1.5 Stealth
 + Level 1.8 Spellcasting
 * Level 1.1 Conjurations
 * Level 2.8 Earth Magic


You had 2 spell levels left.
You knew the following spells:

 Your Spells              Type           Power      Damage    Failure   Level
a - Sandblast             Erth           18%        2d7       8%          1

Your spell library contained the following spells:

 Spells                   Type           Power      Damage    Failure   Level
 Passwall                 Erth           9%         N/A       22%         3
 Stone Arrow              Conj/Erth      12%        3d7       32%         3
 Brom's Barrelling Bould  Conj/Erth      6%         2d3       71%         4
 Petrify                  Alch/Erth      5%         N/A       80%         4


Dungeon Overview and Level Annotations

Branches:
Dungeon (1/15)

Altars:


Innate Abilities, Weirdness & Mutations

You can wield a second weapon in your off-hand.
It takes a long time for you to wield or remove held weapons.
Your first few attacks do less damage.
You cannot equip rings or amulets.


Message History

Nothing appears to happen.
The bat closely misses you.
You now have 0/3 mp.
Casting: Sandblast (safe; 9% risk of failure)
Confirm with . or Enter, or press ? or * to list all spells.
You don't have enough magic to cast this spell.
You hit the bat.
You kill the bat!
Your Conjurations skill increases to level 1!
Health restored: 13 Your magical contamination has completely faded away.
You hit the frilled lizard but do no damage.
The frilled lizard hisses.
The frilled lizard misses you.
You closely miss the frilled lizard. The frilled lizard barely misses you.
You hit the frilled lizard but do no damage.
The frilled lizard bites you but does no damage.
You hit the frilled lizard.
You kill the frilled lizard!
Magic restored.
You see here a bat corpse.
A giant cockroach comes into view.
MP restored: 3 A frilled lizard and a hobgoblin come into view.
The frilled lizard hisses angrily.
Casting: Sandblast (safe; 8% risk of failure)
Confirm with . or Enter, or press ? or * to list all spells.
Aiming: Sandblast (safe; 8% risk of failure)
Press: ? - help, Shift-Dir - straight line, f - giant cockroach
Aim: a giant cockroach (81% to hit)
You miscast Sandblast.
You are very lightly contaminated with residual magic.
Nothing appears to happen.
The hobgoblin shouts!
You now have 2/3 mp.
Casting: Sandblast (safe; 8% risk of failure)
Confirm with . or Enter, or press ? or * to list all spells.
Aiming: Sandblast (safe; 8% risk of failure)
Press: ? - help, Shift-Dir - straight line, f/p - giant cockroach
Aim: a giant cockroach (81% to hit)
The blast of sand hits the giant cockroach!
You kill the giant cockroach!
You now have 1/3 mp.
Casting: Sandblast (safe; 8% risk of failure)
Confirm with . or Enter, or press ? or * to list all spells.
Aiming: Sandblast (safe; 8% risk of failure)
Press: ? - help, Shift-Dir - straight line, f - frilled lizard
Aim: a frilled lizard (68% to hit)
The blast of sand misses the frilled lizard.
You now have 0/3 mp.
Casting: Sandblast (safe; 8% risk of failure)
Confirm with . or Enter, or press ? or * to list all spells.
You don't have enough magic to cast this spell.
The frilled lizard closely misses you.
You see here a scroll labelled MUIMOFF XEFED.
You hit the hobgoblin.
The hobgoblin is moderately wounded.
The hobgoblin hits you. The frilled lizard closely misses you.
You take 1 damage, and have 12/13 hp.
You hit the hobgoblin but do no damage.
The hobgoblin is moderately wounded.
The hobgoblin misses you. The frilled lizard bites you.
You take 1 damage, and have 11/13 hp.
You hit the hobgoblin but do no damage.
The hobgoblin is moderately wounded.
The hobgoblin hits you. The frilled lizard bites you.
Your magical contamination has completely faded away.
You take 2 damage, and have 9/13 hp.
You hit the hobgoblin but do no damage.
The hobgoblin is moderately wounded.
The hobgoblin closely misses you. The frilled lizard misses you.
You barely miss the hobgoblin.
The hobgoblin is moderately wounded.
The hobgoblin hits you. The frilled lizard bites you.
You take 2 damage, and have 7/13 hp.
You hit the hobgoblin but do no damage.
The hobgoblin is moderately wounded.
The hobgoblin hits you. The frilled lizard closely misses you.
You take 3 damage, and have 4/13 hp.
MASSIVE DAMAGE!!
You are too injured to fight recklessly!
You are too injured to fight recklessly!
Casting: Sandblast (safe; 8% risk of failure)
Confirm with . or Enter, or press ? or * to list all spells.
Aiming: Sandblast (safe; 8% risk of failure)
Press: ? - help, Shift-Dir - straight line, f/p - frilled lizard
Aim: a frilled lizard (68% to hit)
The blast of sand hits the hobgoblin.
The hobgoblin is almost dead.
The hobgoblin hits you.
* * * LOW HITPOINT WARNING * * *
You take 1 damage, and have 3/13 hp.
You now have 0/3 mp.
The hobgoblin attacks as it pursues you!
The hobgoblin completely misses you. The frilled lizard closely misses you.
The hobgoblin attacks as it pursues you!
The hobgoblin closely misses you.
The frilled lizard attacks as it pursues you!
The frilled lizard barely misses you.
The hobgoblin attacks as it pursues you!
The hobgoblin hits you.
You die...

#........ ........#
##########.......#
#.......##.......#
#.......#..†..... .
#.......#?....... ..
#.........#.#####
..##.....†.....l#######.
...#..§........g@.......
.....§§...........#####.
..#.§..#.............
#.§..#...##########
#....#....# #....##.#.#
#.><.#..#.# ######.$#..
.. ..


You could see a hobgoblin and a frilled lizard.

Vanquished Creatures
  A bat (D:1)
  A giant cockroach (D:1)
  A frilled lizard (D:1)
  A rat (D:1)
4 creatures vanquished.

Notes
Turn   | Place    | Note
-------+----------+-------------------------------------------
     0 | D:1      | gimp the Coglin Earth Elementalist began the quest for the
                  | Orb.
     0 | D:1      | Reached XP level 1. HP: 13/13 MP: 3/3
    12 | D:1      | Reached skill level 1 in Conjurations
    68 | D:1      | Slain by a hobgoblin

Illustrated notes

Levels and vault maps discovered:
D:1:      dpeg_arrival_fog, layout_rooms, serial_shops, shop

Skill      XL: |  1 |
---------------+----+-----
Conjurations   | 1 |  1.1
Dodging        | |  1.7
Stealth        | |  1.5
Spellcasting   | |  1.8
Earth Magic    | |  2.8

Action                     || total
---------------------------++-------
  Melee: Unarmed           ||    11
   Cast: Sandblast         ||     5
 Armour: Robe              ||    12
  Dodge: Dodged            ||    13

Table legend: (Time is in decaauts)
 A = Elapsed time spent in this place.
 B = Non-inter-level travel time spent in this place.
 C = Inter-level travel time spent in this place.
 D = Time resting spent in this place.
 E = Time spent auto-exploring this place.
 F = Levels seen in this place.
 G = Mean time per level.
                   A        B        C        D        E       F      G
               +--------+--------+--------+--------+--------+-----+--------+
         Total |     70 |     70 |      0 |      0 |     30 |   1 |   70.0 |
       Dungeon |     70 |     70 |      0 |      0 |     30 |   1 |   70.0 |
               +--------+--------+--------+--------+--------+-----+--------+

Top non-repeatable levels by time:
     D:1: 70 daAuts
